 Dungeon Crawl Stone Soup version 0.31-a0-1376-g36f0627844 (webtiles) character file.

Game seed: 10155359259126923382

413 Beluga the Digger (level 6, 0/33 HPs)
             Began as a Gargoyle Earth Elementalist on Dec 24, 2023.
             Was a Believer of Okawaru.
             Constricted to death by a ball python (1 damage)
             ... on level 4 of the Dungeon.
             The game lasted 00:40:34 (1451 turns).

Beluga the Digger (Gargoyle Earth Elementalist)     Turns: 1451, Time: 00:40:37

Health: 0/33       AC:  7    Str: 12    XL:     6   Next: 90%
Magic:  9/12       EV:  8    Int: 17    God:    Okawaru [**....]
Gold:   126        SH:  0    Dex: 10    Spells: 12/13 levels left

rFire   . . .        q - +0 falchion
rCold   . . .        (no shield)
rNeg    + . .        m - +0 leather armour
rPois   ∞            (helmet currently unavailable)
rElec   +            (cloak currently unavailable)
rCorr   +            (gloves currently unavailable)
SInv    .            (boots currently unavailable)
Will    .....        (no amulet)
Stlth   ++           p - ring of resist corrosion
HPRegen 0.25/turn    (no ring)
MPRegen 0.13/turn

%: no passive effects
@: beast-form, constricted
A: beast (slay +0), sickness immunity, AC +4, negative energy resistance 1,
electricity resistance, torment resistance 1, petrification resistance
a: Begin Untransformation, Renounce Religion, Heroism


You were on level 4 of the Dungeon.
You worshipped Okawaru.
Okawaru was pleased with you.
You were a hulking beast.
You visited 2 branches of the dungeon, and saw 5 of its levels.
You also visited: Sewer.

You collected 126 gold pieces.

Inventory:

Hand Weapons
 a - a +0 trident
 e - a +0 dagger
 q - a +0 falchion (weapon)
 s - a +0 long sword
Missiles
 g - 2 curare-tipped darts
 j - 5 silver javelins
Armour
 c - a +0 ring mail
 d - a +0 ring mail
 m - a +0 leather armour (worn)
Jewellery
 p - a ring of resist corrosion (left hand)
Talismans
 k - a beast talisman (active)
Scrolls
 h - 2 scrolls of identify {unknown}
 l - 2 scrolls of fear {unknown}
 r - a scroll of teleportation {unknown}
Potions
 b - a potion of magic
 f - 2 potions of curing
 i - 3 potions of enlightenment
 n - a potion of berserk rage {unknown}
 o - 2 potions of heal wounds
 t - a potion of lignification {unknown}


   Skills:
 + Level 0.6 Fighting
 + Level 0.4(0.5) Long Blades
 + Level 0.3 Ranged Weapons
 + Level 1.5 Armour
 + Level 2.0 Dodging
 + Level 3.0 Stealth
 + Level 4.3 Spellcasting
 + Level 6.1 Earth Magic
 + Level 0.7 Alchemy
 + Level 0.2 Evocations
 + Level 0.1 Shapeshifting


You had 12 spell levels left.
You knew the following spells:

 Your Spells              Type           Power      Damage    Failure   Level
a - Sandblast             Erth           48%        2d12      1%          1

Your spell library contained the following spells:

 Spells                   Type           Power      Damage    Failure   Level
 Passwall                 Alch/Erth      12%        N/A       8%          2
 Stone Arrow              Conj/Erth      28%        3d8       17%         3
 Petrify                  Alch/Erth      15%        N/A       43%         4
 Brom's Barrelling Bould  Conj/Erth      14%        2d4       50%         4


Dungeon Overview and Level Annotations

Branches:
Dungeon (4/15)             Temple (1/1) D:4           Sewer (visited)

Altars:
Elyvilon
Fedhas
Gozag
Okawaru
Qazlal
Sif Muna
Yredelemnul

Annotations:
D:4 Merkmiralles's ghost, amateur MiFi


Innate Abilities, Weirdness & Mutations

You are a hulking beast.
Your limbs bulge with bestial killing power. (Slay +0)
You are immune to sickness and miasma.
Your stone body is resilient. (AC +4)
You are immune to poison.
You resist negative energy. (rN+)
You are resistant to electric shocks. (rElec)
You are resistant to unholy torment.
You are immune to petrification.


Message History

Aim: a bullfrog (severely wounded, 79% to hit)
The blast of sand hits the bullfrog!
You kill the bullfrog!
Okawaru accepts your kill.
Your Earth Magic skill increases to level 6!
Casting: Sandblast (safe; 1% risk of failure)
Confirm with . or Enter, or press ? or * to list all spells.
Okay, then.
Unknown command.
Casting: Sandblast (safe; 1% risk of failure)
Confirm with . or Enter, or press ? or * to list all spells.
Aiming: Sandblast (safe; 1% risk of failure)
Press: ? - help, Shift-Dir - straight line, f - Merkmiralles's ghost
Aim: Merkmiralles's ghost (85% to hit)
The blast of sand hits Merkmiralles's ghost but does no damage.
Merkmiralles's ghost hits you!
Ouch! That really hurt!
Merkmiralles's ghost attacks as it pursues you!
Merkmiralles's ghost hits you!
* * * LOW HITPOINT WARNING * * *
You feel much better.
Merkmiralles's ghost closely misses you.
You closely miss Merkmiralles's ghost. Merkmiralles's ghost hits you.
The ball python bites you. The ball python grabs you.
The ball python constricts you.
Casting: Sandblast (safe; 1% risk of failure)
Confirm with . or Enter, or press ? or * to list all spells.
Aiming: Sandblast (safe; 1% risk of failure)
Press: ? - help, Shift-Dir - straight line, f/p - Merkmiralles's ghost
Aim: Merkmiralles's ghost (85% to hit)
The blast of sand hits Merkmiralles's ghost.
Merkmiralles's ghost is lightly damaged.
Merkmiralles's ghost hits you!
* * * LOW HITPOINT WARNING * * *
The ball python bites you but does no damage.
The ball python constricts you. Merkmiralles's ghost hits you.
* * * LOW HITPOINT WARNING * * *
The ball python bites you but does no damage.
The ball python constricts you.
You die...

.##.#......#......†..##...#.#.#
.##..#.....#......#..##....#.#
.#.................#.........####
......##....................##...
.......##...#.....#...#.....##..>
...........#.b....###............
..................##.....#.....##
.........#...........#.#...##.##
...#.....#.##...h....#.#..#####
...............rSW#########
............##......#~~~~~~
...........# #.#...w†~~~~)~
.###...........##...#~~~~~~
.........#..... ##..#######
.............. ...#
######.###..#. .#..# # #.# .
.#...#


You could see a worm, Merkmiralles's ghost, a ball python and a rat.

Vanquished Creatures
  2 kobold brigands (Sewer)
  A bullfrog (D:4)
  A scorpion (D:4)
  A hound (D:3)
  An orc wizard (D:3)
  A river rat (Sewer)
  4 adders
  3 dart slugs
  6 orcs
  5 ball pythons
  4 endoplasms
  4 giant cockroaches
  4 goblins
  4 hobgoblins
  9 kobolds
  A quokka (D:2)
  A bat (D:2)
  A frilled lizard (D:3)
  6 rats
59 creatures vanquished.

Notes
Turn   | Place    | Note
-------+----------+-------------------------------------------
     0 | D:1      | Beluga the Gargoyle Earth Elementalist began the quest for
                  | the Orb.
     0 | D:1      | Reached XP level 1. HP: 10/10 MP: 3/3
    64 | D:1      | Reached skill level 4 in Earth Magic
    89 | D:1      | Reached XP level 2. HP: 14/15 MP: 0/5
   246 | D:2      | Found a faded altar of an unknown god.
   260 | D:2      | Prayed at the altar of an unknown god.
   260 | D:2      | Became a worshipper of Warmaster Okawaru
   260 | D:2      | Reached * piety under Okawaru
   344 | D:2      | Reached XP level 3. HP: 13/19 MP: 2/6
   684 | D:3      | Reached XP level 4. HP: 16/24 MP: 4/8
   722 | D:3      | Found a glowing drain.
   925 | Sewer    | Entered a sewer
   930 | Sewer    | Reached XP level 5. HP: 18/28 MP: 5/9
  1029 | Sewer    | Noticed a kobold brigand
  1030 | Sewer    | Noticed a kobold brigand
  1050 | Sewer    | Killed a kobold brigand
  1050 | Sewer    | Reached ** piety under Okawaru
  1051 | Sewer    | Reached skill level 1 in Armour
  1051 | Sewer    | Reached skill level 5 in Earth Magic
  1062 | Sewer    | Killed a kobold brigand
  1063 | Sewer    | Reached XP level 6. HP: 33/33 MP: 1/11
  1097 | Sewer    | Found a glowing silver altar of Zin.
  1383 | D:4      | Found a staircase to the Ecumenical Temple.
  1392 | Temple   | Entered the Ecumenical Temple
  1437 | D:4      | Found a runed translucent door.
  1439 | D:4      | Noticed Merkmiralles's ghost (amateur MiFi)
  1445 | D:4      | Reached skill level 6 in Earth Magic
  1451 | D:4      | HP: 1/33 [Merkmiralles's ghost (5)]
  1451 | D:4      | Constricted to death by a ball python

Illustrated notes

Levels and vault maps discovered:
D:1:      minmay_arrival_diagonal_passages, layout_rooms, minmay_misc_feat_alley
D:2:      layout_loops_ring, ebering_ecumenical_altar_petrified
D:3:      layout_basic, dancing_weapons_uskayaw, cheibrodos_sewer_entry_drain,
          chequers_serial_rivers_micro_a, minmay_stone_trees_medium,
          minmay_misc_feat_rugged
D:4:      layout_layer_cave, minmay_temple_entry_butterflies,
          ebering_ghost_sewer_f, guppyfry_early_orc_mine
Temple:   nicolae_temple_ecumenical_triangle

Skill      XL: |  1  2  3  4  5  6 |
---------------+-------------------+-----
Earth Magic    | 4 5 6 |  6.1
Stealth        | 3 |  3.0
Spellcasting   | 3 4 |  4.3
Armour         | 1 |  1.5
Dodging        | 2 |  2.0
Fighting       | |  0.6
Long Blades    | |  0.4
Ranged Weapons | |  0.3
Alchemy        | |  0.7
Evocations     | |  0.2
Shapeshifting  | |  0.1

Action                     |  1- 3 |  4- 6 || total
---------------------------+-------+-------++-------
  Melee: Club              |     3 |       ||     3
         Dagger            |     9 |       ||     9
         Long sword        |     3 |    24 ||    27
         Falchion          |       |     3 ||     3
   Fire: Sling             |     6 |       ||     6
   Cast: Sandblast         |    28 |    65 ||    93
  Evoke: Wand              |       |     4 ||     4
    Use: Potion            |       |     1 ||     1
 Armour: Ring mail         |    10 |       ||    10
         Leather armour    |     4 |    63 ||    67
  Dodge: Dodged            |    19 |    34 ||    53
   Form: Beast             |       |     1 ||     1

Table legend: (Time is in decaauts)
 A = Elapsed time spent in this place.
 B = Non-inter-level travel time spent in this place.
 C = Inter-level travel time spent in this place.
 D = Time resting spent in this place.
 E = Time spent auto-exploring this place.
 F = Levels seen in this place.
 G = Mean time per level.
                   A        B        C        D        E       F      G
               +--------+--------+--------+--------+--------+-----+--------+
         Total |   1562 |   1561 |      1 |    250 |      8 |   6 |  260.3 |
       Dungeon |   1250 |   1249 |      1 |    206 |      8 |   4 |  312.5 |
        Temple |     28 |     28 |      0 |      0 |      0 |   1 |   28.0 |
         Sewer |    283 |    283 |      0 |     44 |      0 |   1 |  283.0 |
               +--------+--------+--------+--------+--------+-----+--------+

Top non-repeatable levels by time:
     D:2: 468 daAuts
     D:3: 398 daAuts
   Sewer: 283 daAuts
     D:4: 219 daAuts
     D:1: 163 daAuts
  Temple: 28 daAuts
